 Dungeon Crawl Stone Soup version 0.22.1-5-g62c59d9 (webtiles) character file.

34 Goblin1989 the Skirmisher (level 3, -1/29 HPs)
             Began as a Demonspawn Arcane Marksman on Jan 8, 2019.
             Slain by a gnoll
             ... wielding a +0 whip
              (7 damage)
             ... on level 1 of the Dungeon.
             The game lasted 00:02:54 (912 turns).

Goblin1989 the Skirmisher (DsAM)                     Turns: 912, Time: 00:02:54

Health: -1/29      AC:  5    Str: 11    XL:     3   Next: 14%
Magic:  4/4        EV: 10    Int: 14    God:
Gold:   50         SH:  0    Dex: 13    Spells: 3/4 levels left

rFire    . . .     SeeInvis .   (no weapon)
rCold    . . .     Gourm    .   (no shield)
rNeg     . . .     Faith    .   i - +0 ring mail
rPois    .         Spirit   .   (no helmet)
rElec    .         Reflect  .   (no cloak)
rCorr    .         Harm     .   (no gloves)
MR       .....                  (no boots)
Stlth    +.........             (no amulet)
HPRegen  0.09/turn              (no ring)
MPRegen  0.09/turn              (no ring)

@: no status effects
A: claws 1
a: no special abilities


You were on level 1 of the Dungeon.
You were not hungry.

You visited 1 branch of the dungeon, and saw 2 of its levels.

You collected 50 gold pieces.

Inventory:

Hand Weapons
 a - a +0 shortbow
Missiles
 l - 13 stones (quivered) {@Q3}
 m - 19 sling bullets
Armour
 f - a +0 robe
 i - a +0 ring mail (worn)
Scrolls
 k - a scroll of remove curse {unknown}
 n - 3 scrolls of identify {unknown}
 o - a scroll of fear {unknown}
 p - a scroll of enchant weapon {unknown}
Potions
 h - 2 potions of curing {unknown}
 j - a potion of degeneration {unknown}
 q - a potion of lignification {unknown}
 r - 2 potions of flight {unknown}
 s - a potion of might {unknown}
Comestibles
 e - 2 rations
 g - a chunk of flesh


   Skills:
 + Level 3.1 Fighting
 - Level 1.7 Bows
 - Level 1.7 Dodging
 - Level 1.0 Spellcasting
 - Level 3.0 Hexes


You had 3 spell levels left.
You knew the following spells:

 Your Spells              Type           Power        Failure   Level  Hunger
a - Corona                Hex            #......      19%         1    ##.....

Your spell library contained the following spells:

 Spells                   Type           Power        Failure   Level  Hunger
 Slow                     Hex            #.......     28%         2    ###....
 Inner Flame              Hex/Fire       #.......     71%         3    ####...
 Portal Projectile        Hex/Tloc       #.....       71%         3    ####...
 Cause Fear               Hex            #.........   88%         4    #####..
 Leda's Liquefaction      Hex/Erth       #.........   98%         4    #####..


Dungeon Overview and Level Annotations

Branches:
Dungeon (2/15)

Altars:


Innate Abilities, Weirdness & Mutations

You have sharp fingernails.


Message History

Press: ? - help, Shift-Dir - straight line, f/p - adder
Aim: an adder (heavily wounded)
You shoot an arrow. The arrow hits the adder.
The adder is almost dead.
The adder barely misses you.
Firing (i - inventory. (/) - cycle)
d - 11 arrows (quivered)
Press: ? - help, Shift-Dir - straight line, f/p - adder
Aim: an adder (almost dead)
You shoot an arrow. The arrow closely misses the adder.
The adder completely misses you. The adder barely misses you.
Firing (i - inventory. (/) - cycle)
d - 10 arrows (quivered)
Press: ? - help, Shift-Dir - straight line, f/p - adder
Aim: an adder (almost dead)
You shoot an arrow. The arrow completely misses the adder.
The gnoll shouts!
The adder bites you.
You take 1 damage, and have 21/23 hp.
Unknown command.
The adder bites you but does no damage. The gnoll hits you with a whip.
The adder barely misses you.
You climb upwards.
There is a stone staircase leading down here.
You take 1 damage, and have 20/23 hp.
Unknown command.
Unknown command.
Firing (i - inventory. (/) - cycle)
d - 9 arrows (quivered)
Press: ? - help, Shift-Dir - straight line, f - adder
Aim: an adder (almost dead)
You shoot an arrow. The arrow barely misses the adder.
The adder bites you but does no damage. The gnoll hits you but does no damage.
Firing (i - inventory. (/) - cycle)
d - 8 arrows (quivered)
Press: ? - help, Shift-Dir - straight line, f/p - adder
Aim: an adder (almost dead)
You shoot an arrow. The arrow misses the adder.
The adder bites you but does no damage. The gnoll closely misses you.
The adder bites you but does no damage. The gnoll barely misses you.
Firing (i - inventory. (/) - cycle)
d - 7 arrows (quivered)
Press: ? - help, Shift-Dir - straight line, f/p - adder
Aim: an adder (almost dead)
You shoot an arrow. The arrow misses the adder.
The adder closely misses you. The gnoll hits you but does no damage.
Firing (i - inventory. (/) - cycle)
d - 6 arrows (quivered)
Press: ? - help, Shift-Dir - straight line, f/p - adder
Aim: an adder (almost dead)
You shoot an arrow. The arrow completely misses the adder.
The adder bites you but does no damage. The gnoll hits you but does no damage.
The adder barely misses you.
Firing (i - inventory. (/) - cycle)
d - 5 arrows (quivered)
Press: ? - help, Shift-Dir - straight line, f/p - adder
Aim: an adder (almost dead)
You shoot an arrow. The arrow closely misses the adder.
The adder completely misses you. The gnoll hits you with a whip.
You take 1 damage, and have 20/23 hp.
Firing (i - inventory. (/) - cycle)
d - 4 arrows (quivered)
Press: ? - help, Shift-Dir - straight line, f/p - adder
Aim: an adder (almost dead)
You shoot an arrow. The arrow hits the adder.
You kill the adder!
Your Fighting skill increases to level 3!
You have reached level 3!
Your experience leads to an increase in your attributes!
Increase (S)trength, (I)ntelligence, or (D)exterity?
You feel stronger. The gnoll hits you but does no damage.
You regained 5 hp, and now have 25/29 hp.
MP restored: 4 Unknown command.
Firing (i - inventory. (/) - cycle)
d - 3 arrows (quivered)
Press: ? - help, Shift-Dir - straight line, f - gnoll
Aim: a gnoll, wielding a whip You shoot an arrow.
The arrow hits the gnoll.
The gnoll is lightly wounded.
The gnoll barely misses you. x2
Firing (i - inventory. (/) - cycle)
d - 2 arrows (quivered)
Press: ? - help, Shift-Dir - straight line, f/p - gnoll
Aim: a gnoll, wielding a whip (lightly wounded)
You shoot an arrow. The arrow barely misses the gnoll.
The gnoll hits you with a whip.
You take 1 damage, and have 24/29 hp.
Firing (i - inventory. (/) - cycle)
d - an arrow (quivered)
Press: ? - help, Shift-Dir - straight line, f/p - gnoll
Aim: a gnoll, wielding a whip (lightly wounded)
You shoot an arrow. The arrow hits the gnoll.
The gnoll is heavily wounded.
The gnoll hits you with a whip!
You take 10 damage, and have 14/29 hp.
MASSIVE DAMAGE!!
You are too injured to fight recklessly!
Unknown command.
Wield which item (- for none, * to show all)? (? for menu, Esc to quit)
You are now empty-clawed.
Unknown command.
You barely miss the gnoll.
The gnoll is heavily wounded.
The gnoll hits you with a whip!
* * * LOW HITPOINT WARNING * * *
You take 9 damage, and have 5/29 hp.
MASSIVE DAMAGE!!
You barely miss the gnoll.
The gnoll is heavily wounded.
The gnoll hits you with a whip!
You die... ██████████

█........█ ████.██████.█
██....█ █.█████████
█.███.██████.........█
█.█ █.....██..██████.█
█.███.........██████.█ █
........█.██....@..█.████
█
███.█..........g.(......█
█ █
█.█.█.█........█.█.██.█
███.█.█.████...███.█.██.█
██..█.█.████.........██.█
██.██.......†.█████████.█
██.████.█████∆██ █.█ ███
........█ ██...██ █.███
█.. ██.████████.....██
█...█ █.█


You could see a gnoll.

Vanquished Creatures
  An adder (D:1)
  A dart slug (D:1)
  A leopard gecko (D:1)
  3 bats
  A giant cockroach (D:1)
  7 hobgoblins (D:1)
  2 kobolds (D:1)
  2 frilled lizards (D:1)
  2 rats (D:1)
20 creatures vanquished.

Notes
Turn   | Place    | Note
-------+----------+-------------------------------------------
     0 | D:1      | Goblin1989 the Demonspawn Arcane Marksman began the quest
                  | for the Orb.
     0 | D:1      | Reached XP level 1. HP: 15/15 MP: 2/2
   229 | D:1      | Gained mutation: You have sharp fingernails. [demonic
                  | ancestry]
   229 | D:1      | Reached XP level 2. HP: 22/22 MP: 3/3
   906 | D:1      | Reached XP level 3. HP: 25/29 MP: 4/4
   912 | D:1      | Slain by a gnoll

Skill      XL: |  1  2 |
---------------+-------+-----
Fighting       | 2 3 |  3.1
Bows           | |  1.7
Dodging        | |  1.7
Spellcasting   | |  1.0
Hexes          | |  3.0

Action                   || total
-------------------------++-------
Melee: Unarmed           ||     2
 Fire: Shortbow          ||    80
Armor: Ring mail         ||    26
       Robe              ||     1
Dodge: Dodged            ||    22

Vault maps used:
D:1:      mushboom_english_gardens
D:2:      lemuel_upstairs_altar, nicolae_tso_carved_into_rock, first_ration,
          kennysheep_generic_room_7
